 Dungeon Crawl Stone Soup version 0.24-a0-536-gdd4cf15266 (webtiles) character file.

Game seed: 4492182974369183679

106 Gargoyl the Skirmisher (level 4, 0/38 HPs)
             Began as a Centaur Abyssal Knight on Aug 11, 2019.
             Was a Follower of Lugonu.
             Slain by a gnoll
             ... wielding a +0 halberd
              (7 damage)
             ... on level 3 of the Dungeon.
             The game lasted 00:04:22 (2630 turns).

Gargoyl the Skirmisher (Centaur Abyssal Knight)     Turns: 2630, Time: 00:04:22

Health: 0/38       AC:  9    Str: 12 (15) XL:     4   Next: 55%
Magic:  5/5        EV:  4    Int: 10 (11) God:    Lugonu [*.....]
Gold:   182        SH:  0    Dex:  6 (9)  Spells: 3/3 levels left

rFire    + . .     SeeInvis .   f - +3 hand axe (flame)
rCold    . . .     Gourm    .   (no shield)
rNeg     . . .     Faith    .   g - +3 ring mail {rF+}
rPois    .         Spirit   .   (no helmet)
rElec    .         Reflect  .   (no cloak)
rCorr    .         Harm     .   (no gloves)
MR       .....                  (no barding)
Stlth    ..........             (no amulet)
HPRegen  0.12/turn              (no ring)
MPRegen  0.09/turn              (no ring)

@: held, very quick
A: large, hooves 3, deformed body, speed 2, tough skin 3
a: Depart the Abyss, Renounce Religion


You were on level 3 of the Dungeon.
You worshipped Lugonu.
Lugonu was aware of your devotion.
You were hungry.

You visited 1 branch of the dungeon, and saw 3 of its levels.
You visited the Abyss 1 time.

You collected 182 gold pieces.

Inventory:

Hand Weapons
 a - a +2 hand axe
 f - a +3 hand axe of flaming (weapon)
Armour
 g - a +3 ring mail of fire resistance (worn)
Scrolls
 b - 2 scrolls of identify
 h - a scroll of fog
Potions
 d - a potion of flight
 i - 2 potions of heal wounds
 k - a potion of curing
Comestibles
 c - 5 rations


   Skills:
 + Level 3.5 Fighting
 + Level 2.6 Axes
 * Level 2.3 Armour
 * Level 1.2 Dodging
 * Level 2.6 Invocations


You had 3 spell levels left.
You didn't know any spells.
Your spell library was empty.

Dungeon Overview and Level Annotations

Branches:
Dungeon (3/15)

Altars:
Elyvilon
Gozag
Trog

Shops:
D:2 *

Annotations:
D:3 1 transporter, DrakeDragon's ghost, amateur DEWz


Innate Abilities, Weirdness & Mutations

You have hooves in place of feet.
Armour fits poorly on your strangely shaped body.
You cover ground very quickly.
You have extremely tough skin. (AC +3)


Message History

The gnoll hits you but does no damage. The gnoll completely misses you.
The gnoll hits the plant with a +2 spear of venom.
The plant is destroyed!
The gnoll hits you from afar with a +2 vampiric halberd.
The gnoll seems to regain its courage. x2
The gnoll hits you from afar with a +0 halberd.
A gnoll comes into view.
It is wielding a +0 spear and carrying a wand of acid (8).
The gnoll hits you but does no damage. The gnoll hits you but does no damage.
The gnoll hits you but does no damage. x3
The gnoll hits you from afar with a +2 vampiric halberd.
The gnoll hits you from afar with a +0 halberd.
* * * LOW HITPOINT WARNING * * *
The gnoll hits you from afar with a +0 spear.
* * * LOW HITPOINT WARNING * * *
You feel less wooden.
Your +3 ring mail of fire resistance unmelds from your body.
You feel resistant to fire. The gnoll completely misses you. x2
The gnoll hits you from afar with a +0 halberd!
You die...

....≈≈≈≈≈≈≈≈≈≈≈...≈≈≈≈≈≈≈≈≈≈≈,,*
.#..≈≈≈≈≈≈≈≈≈≈≈...≈≈≈≈≈≈≈≈≈≈≈,,*
.#..≈≈#####........$..###**≈≈,,*
,#..≈≈#.#.#.###.©.###.#g#,*≈≈,,*
,##.≈≈#...###.#####.###,.,*≈≈,,*
,,..≈≈###.......g....,.,***≈≈,,*
,##.≈≈,8#,######g#####*.*8,≈≈,,*
,*,,≈≈.##.#P⌠g#P.8#[.$#,**,≈≈,**
,,*,≈≈.#..'..gg.@⌠#:W,+,,*,≈≈,*
**,,≈≈.##.#P⌠.#P.8#=.,#.**,≈≈,*
**,,≈≈,8#,######g##****,*8,≈≈,*
,,,,≈≈***..........,,,,,***≈≈,*
**,,≈≈*...###©#####g***,,,*≈≈,*
**,,≈≈#.#.#.###.©.#*#,*,*,*≈≈,*
**,,≈≈#*#*#.....%..,,,*****≈≈,*
***,≈≈≈≈≈≈≈≈≈≈≈≈≈≈≈≈≈≈≈≈≈≈≈≈≈,*
* *,≈≈≈≈≈≈≈≈≈≈≈≈≈≈≈≈≈≈≈≈≈≈≈≈≈,*


You could see 6 gnolls.

Vanquished Creatures
  Terence (D:2)
  3 adders
  An ooze (D:1)
  A worm (D:3)
  3 leopard geckos
  3 orcs (D:3)
  A ball python (D:2)
  4 bats
  A giant cockroach (D:1)
  3 goblins
  6 hobgoblins
  2 jackals (D:1)
  4 kobolds
  8 rats
41 creatures vanquished.

Vanquished Creatures (others)
  A lurking horror (Abyss:1)
  2 plants (D:3)
3 creatures vanquished.

Grand Total: 44 creatures vanquished

Notes
Turn   | Place    | Note
-------+----------+-------------------------------------------
     0 | Abyss:1  | Gargoyl the Centaur Abyssal Knight began the quest for the
                  | Orb.
     0 | Abyss:1  | Reached XP level 1. HP: 19/19 MP: 2/2
   173 | D:1      | Escaped the Abyss
   701 | D:1      | Reached XP level 2. HP: 26/26 MP: 3/3
   942 | D:1      | Reached * piety under Lugonu
   942 | D:1      | Reached skill level 1 in Dodging
  1430 | D:2      | Reached XP level 3. HP: 28/31 MP: 4/4
  1437 | D:2      | Found an opulent altar of Gozag.
  1533 | D:2      | Found a bloodstained altar of Trog.
  1542 | D:2      | Found Gozag's Platinum Reserve.
  1575 | D:2      | Found a white marble altar of Elyvilon.
  2095 | D:2      | Noticed Terence
  2108 | D:2      | Killed Terence
  2108 | D:2      | Reached XP level 4. HP: 27/38 MP: 5/5
  2559 | D:3      | Found a transporter.
  2566 | D:3      | Noticed DrakeDragon's ghost (amateur DEWz)
  2572 | D:3      | Found a transporter.
  2630 | D:3      | Slain by a gnoll

Levels and vault maps discovered:
D:1:      moated_graveyard_arrival, layout_basic
D:2:      layout_loops_ring, nicolae_overflow_hidden_temple,
          overflow_temple_1_default, nicolae_gozag_zags_fifth_avenue,
          uniq_terence
D:3:      layout_loops_ring, doesnt_xom_only_xom, gammafunk_ghost_gnarly_gnolls,
          first_ration, roderic_batcave

Skill      XL: |  1  2  3 |
---------------+----------+-----
Axes           | 2 |  2.6
Dodging        | 1 |  1.2
Armour         | 2 |  2.3
Fighting       | |  3.5
Invocations    | |  2.6

Action                   |  1- 3 |  4- 6 || total
-------------------------+-------+-------++-------
Melee: Hand axe          |    98 |    20 ||   118
       Kick              |    13 |     2 ||    15
Invok: Depart the Abyss  |     1 |       ||     1
  Use: Scroll            |    11 |     6 ||    17
       Potion            |       |     3 ||     3
  Eat: Chunk             |     2 |     1 ||     3
Armor: Leather armour    |    20 |       ||    20
       Ring mail         |    51 |     8 ||    59
       Skin              |       |    55 ||    55
Dodge: Dodged            |    64 |    11 ||    75

Table legend:
 A = Non-vault XP
 B = Vault XP
 C = Vault XP percentage of total XP
 D = Non-vault monster count
 E = Vault monster count
 F = Vault count percentage of total count
                 A         B        C        D         E       F
            +---------+---------+-------+---------+---------+-------
      Total |     116 |      36 |  23.7 |      40 |       1 |   2.4
            +---------+---------+-------+---------+---------+-------
        D:1 |      38 |       0 |   0.0 |      19 |       0 |   0.0
        D:2 |      45 |      36 |  44.4 |      13 |       1 |   7.1
        D:3 |      33 |       0 |   0.0 |       8 |       0 |   0.0
            +---------+---------+-------+---------+---------+-------
